 Dungeon Crawl Stone Soup version 0.23.2-33-g5129a83184 (webtiles) character file.

Game seed: 241106501329319943

240 ANON1729 the Ducker (level 5, -5/41 HPs)
             Began as a Demonspawn Gladiator on Aug 11, 2019.
             Slain by an ogre
             ... wielding a cursed -1 giant spiked club
              (16 damage)
             ... on level 4 of the Dungeon.
             The game lasted 00:03:49 (3700 turns).

ANON1729 the Ducker (Demonspawn Gladiator)          Turns: 3700, Time: 00:03:49

Health: -5/41      AC:  6    Str: 14    XL:     5   Next: 79%
Magic:  5/5        EV: 13    Int: 15    God:
Gold:   201        SH:  0    Dex: 15    Spells: 4/4 levels left

rFire    . . .     SeeInvis .   a - +0 war axe
rCold    . . .     Gourm    +   (no shield)
rNeg     . . .     Faith    .   o - +0 leather armour (curse)
rPois    .         Spirit   .   (helmet restricted)
rElec    .         Reflect  .   (no cloak)
rCorr    .         Harm     .   k - +0 pair of gloves
MR       .....                  (no boots)
Stlth    +.........             l - amulet of the gourmand
HPRegen  0.13/turn              (no ring)
MPRegen  0.09/turn              (no ring)

@: brilliant, invisible
A: antennae 1, thin metallic scales 1, rot immunity
a: no special abilities


You were on level 4 of the Dungeon.
You were not hungry.

You visited 1 branch of the dungeon, and saw 4 of its levels.

You collected 201 gold pieces.

Inventory:

Hand Weapons
 a - a +0 war axe (weapon)
Missiles
 d - 3 throwing nets (quivered)
Armour
 k - a +0 pair of gloves (worn)
 o - a cursed +0 leather armour (worn)
Jewellery
 l - an amulet of the gourmand (around neck)
Scrolls
 c - a scroll of random uselessness {unknown}
 e - 2 scrolls of fear {unknown}
 g - 2 scrolls of teleportation {unknown}
 h - 3 scrolls of amnesia {unknown}
 j - 2 scrolls of enchant weapon {unknown}
 n - 3 scrolls of identify {unknown}
 p - a scroll of fog {unknown}
 q - a scroll of immolation {unknown}
 s - a scroll of noise {unknown}
 u - a scroll of remove curse {unknown}
Potions
 b - a potion of lignification {unknown}
 i - a potion of curing
 m - a potion of brilliance
 t - a potion of heal wounds {unknown}
Comestibles
 f - 4 rations


   Skills:
 + Level 3.4 Fighting
 + Level 3.7 Axes
 - Level 2.8 Throwing
 + Level 1.0 Armour
 + Level 3.8 Dodging


You had 4 spell levels left.
You didn't know any spells.
Your spell library was empty.

Dungeon Overview and Level Annotations

Branches:
Dungeon (4/15)
 Temple: D:4-7

Altars:
Ashenzari
Qazlal

Annotations:
D:4 1 runed translucent door, PeSeC's ghost, amateur MiFi


Innate Abilities, Weirdness & Mutations

You have a pair of small antennae on your head.
You are partially covered in thin metallic scales. (AC +2)
You are immune to rotting.


Message History

You are too injured to fight recklessly!
You are too injured to fight recklessly!
You are too injured to fight recklessly!
You are too injured to fight recklessly!
You are too injured to fight recklessly!
You are too injured to fight recklessly!
You are too injured to fight recklessly!
You are too injured to fight recklessly!
You are too injured to fight recklessly!
You barely miss the ogre.
Sorry, you're not good enough to have a special ability.
It was a potion of brilliance.
You feel clever all of a sudden. The ogre closely misses you.
It was a potion of invisibility.
You fade into invisibility!
The centaur shoots an arrow.
The arrow hits the ogre.
The arrow freezes the ogre.
The ogre hits you with a cursed -1 giant spiked club!
You die...

...(...##....#........##W##.
.......(!cO#.........##...##
.......###..(.......##.....#
...c..# #####.##...#⌠.!♣%.⌠
...... ##.#....##.....#
..... ###....##..##...##
..... #c(..### ...##.##.
.... ###O#.## ..#+#..
......###..@#.##### .......
.......(......# .>#...
..#.(........... ####
###..#..####.. #. ##...## #.
##... ... ..... .## .....
.......


You could see an ogre and a centaur.

Vanquished Creatures
  A scorpion (D:4)
  An orc wizard (D:3)
  An orc priest (D:3)
  3 adders
  A shadow imp (D:3)
  An ooze (D:2)
  A worm (D:4)
  3 dart slugs
  3 leopard geckos
  3 orcs
  8 bats
  5 giant cockroaches
  4 goblins
  6 hobgoblins
  7 jackals
  11 kobolds
  2 quokkas
  8 frilled lizards
  7 rats
76 creatures vanquished.

Notes
Turn   | Place    | Note
-------+----------+-------------------------------------------
     0 | D:1      | ANON1729 the Demonspawn Gladiator began the quest for the
                  | Orb.
     0 | D:1      | Reached XP level 1. HP: 16/16 MP: 1/1
   137 | D:1      | Gained mutation: You have a pair of small antennae on your
                  | head. [demonic ancestry]
   137 | D:1      | Reached XP level 2. HP: 19/22 MP: 2/2
   845 | D:2      | Gained mutation: You are partially covered in thin metallic
                  | scales. (AC +2) [demonic ancestry]
   845 | D:2      | Reached XP level 3. HP: 15/28 MP: 3/3
  1740 | D:2      | Found a shattered altar of Ashenzari.
  1798 | D:2      | Gained mutation: You are immune to rotting. [demonic
                  | ancestry]
  1798 | D:2      | Reached XP level 4. HP: 33/34 MP: 4/4
  2332 | D:3      | Reached XP level 5. HP: 8/41 MP: 5/5
  3416 | D:4      | Reached skill level 1 in Armour
  3596 | D:4      | Found a runed translucent door.
  3596 | D:4      | Noticed PeSeC's ghost (amateur MiFi)
  3631 | D:4      | Found a stormy altar of Qazlal.
  3679 | D:4      | Noticed an ogre
  3679 | D:4      | Noticed a centaur
  3700 | D:4      | Slain by an ogre

Skill      XL: |  1  2  3  4  5 |
---------------+----------------+-----
Throwing       | 2 |  2.8
Dodging        | 3 |  3.8
Axes           | 3 |  3.7
Fighting       | 3 |  3.4
Armour         | 1 |  1.0

Action                   |  1- 3 |  4- 6 || total
-------------------------+-------+-------++-------
Melee: War axe           |   127 |   127 ||   254
  Use: Potion            |       |     3 ||     3
 Stab: Sleeping          |     1 |       ||     1
  Eat: Chunk             |     3 |     7 ||    10
Armor: Leather armour    |    52 |    64 ||   116
Dodge: Dodged            |   143 |   130 ||   273
